 Dungeon Crawl Stone Soup version 0.25.0-11-g1f837a76a1 (webtiles) character file.

Game seed: 9714627486085190708

63 MisterFreud the Chopper (level 4, -1/52 HPs)
             Began as a Formicid Fighter on June 27, 2020.
             Slain by a wyvern (7 damage)
             ... on level 3 of the Dungeon.
             The game lasted 00:04:21 (1095 turns).

MisterFreud the Chopper (Formicid Fighter)          Turns: 1095, Time: 00:04:21

Health: -1/52      AC: 26    Str: 22    XL:     4   Next: 31%
Magic:  4/4        EV:  2    Int:  7    God:
Gold:   84         SH:  9    Dex: 10    Spells: 3/3 levels left

rFire    . . .     SeeInvis .   a - +0 war axe
rCold    . . .     Gourm    .   c - +0 kite shield
rNeg     + + +     Faith    .   (armour currently unavailable)
rPois    +         Spirit   .   (helmet unavailable)
rElec    .         Reflect  .   (cloak currently unavailable)
rCorr    .         Harm     .   (gloves currently unavailable)
MR       .....                  (boots currently unavailable)
Stlth    +.........             q - amulet of the acrobat
HPRegen  0.17/turn              p - +4 ring of protection
MPRegen  0.09/turn              (no ring)

@: mighty, tree-form
A: permanent stasis, dig shafts and tunnels, four strong arms
a: no special abilities


You were on level 3 of the Dungeon.
You were hungry.
You were a tree.
You visited 1 branch of the dungeon, and saw 3 of its levels.

You collected 84 gold pieces.

Inventory:

Hand Weapons
 a - a +0 war axe (weapon)
Armour
 b - a +0 scale mail (melded)
 c - a +0 kite shield (worn)
 j - a scarf of invisibility (melded)
Jewellery
 p - a +4 ring of protection (left branch)
 q - an amulet of the acrobat (around neck)
Scrolls
 e - 4 scrolls of remove curse {unknown}
 g - a scroll of immolation {unknown}
 i - 2 scrolls of identify {unknown}
 k - a scroll of teleportation {unknown}
 m - a scroll of noise {unknown}
 n - a scroll of blinking {unknown}
Potions
 l - a potion of degeneration {unknown}
 r - a potion of berserk rage {unknown}
Comestibles
 f - 7 rations


   Skills:
 - Level 3.2 Fighting
 + Level 4.2 Axes
 - Level 3.2 Armour
 - Level 3.6 Shields


You had 3 spell levels left.
You didn't know any spells.
Your spell library was empty.

Dungeon Overview and Level Annotations

Branches:
Dungeon (3/15)

Altars:
Ru


Innate Abilities, Weirdness & Mutations

You cannot be hasted, slowed, berserked, paralysed or teleported.
You can dig through walls and to a lower floor.
Your four strong arms can wield two-handed weapons with a shield.
((You have a pair of large antennae on your head. (SInv)))


Message History

You barely miss the wyvern. You block the wyvern's attack.
The wyvern bites you!
You hit the wyvern but do no damage. The wyvern misses you.
You block the wyvern's attack.
You hit the wyvern but do no damage. The wyvern bites you.
The wyvern bites you but does no damage.
You hit the wyvern.
The wyvern is lightly wounded.
The wyvern bites you!
* * * LOW HITPOINT WARNING * * *
Unknown command.
Unknown command.
You feel very mighty all of a sudden. You block the wyvern's attack.
The wyvern bites you.
* * * LOW HITPOINT WARNING * * *
It was a potion of lignification.
You turn into a tree.
Your scarf of invisibility melds into your body.
Your +0 scale mail melds into your body.
Your roots penetrate the ground.
The wyvern bites you!
You die...

##.# .. #... ..
#..# ..# ##..#
..# ...##.[#
#......#
#.l....#
#.♣%...#
#).....#
#......#
##...#.#
##......#
#.....[.#
#........<#
#........(...%.#
##............##


You could see a wyvern.

Vanquished Creatures
  2 adders (D:2)
  A worm (D:2)
  2 dart slugs (D:1)
  3 orcs (D:2)
  8 bats
  2 goblins
  3 hobgoblins
  3 jackals (D:1)
  6 kobolds
  4 frilled lizards
  A rat (D:2)
35 creatures vanquished.

Notes
Turn   | Place    | Note
-------+----------+-------------------------------------------
     0 | D:1      | MisterFreud the Formicid Fighter began the quest for the
                  | Orb.
     0 | D:1      | Reached XP level 1. HP: 18/18 MP: 1/1
   216 | D:1      | Reached XP level 2. HP: 23/24 MP: 2/2
   304 | D:1      | Reached skill level 3 in Axes
   432 | D:1      | Reached XP level 3. HP: 29/29 MP: 3/3
   547 | D:2      | Found a sacrificial altar of Ru.
   744 | D:2      | Reached skill level 4 in Axes
   744 | D:2      | Reached XP level 4. HP: 17/35 MP: 4/4
  1087 | D:3      | Noticed a wyvern
  1095 | D:3      | Slain by a wyvern

Illustrated notes

Levels and vault maps discovered:
D:1:      minmay_arrival_plants_in_alcoves, layout_rooms
D:2:      layout_loops_ring, minmay_stone_trees_small, nicolae_ru_path_of_blood
D:3:      layout_loops_ring, fedhas_ov_isle_minmay, brannock_xom_greatest_gift,
          st_stairs_13, nicolae_tso_carved_into_rock

Skill      XL: |  1  2  3 |
---------------+----------+-----
Axes           | 3 4 |  4.2
Fighting       | |  3.2
Armour         | |  3.2
Shields        | |  3.6

Action                   |  1- 3 |  4- 6 || total
-------------------------+-------+-------++-------
Melee: War axe           |   100 |    37 ||   137
 Abil: Dig               |     3 |     2 ||     5
  Use: Potion            |       |     2 ||     2
  Eat: Chunk             |       |     2 ||     2
Armor: Scale mail        |    54 |    11 ||    65
Dodge: Dodged            |    36 |    23 ||    59
Block: Kite shield       |    74 |    25 ||    99
